 Dungeon Crawl Stone Soup version 0.20-a0-277-g7db01f4 (webtiles) character file.

4 ololoev the Grave Robber (level 1, 0/14 HPs)
             Began as a Hill Orc Necromancer on Dec 12, 2016.
             Slain by a giant cockroach (2 damage)
             ... on level 1 of the Dungeon.
             The game lasted 00:00:52 (110 turns).

ololoev the Grave Robber (Hill Orc Necromancer)      Turns: 110, Time: 00:00:53

Health: 0/14       AC:  2    Str: 10    XL:     1   Next: 70%
Magic:  0/3        EV: 12    Int: 15    God:
Gold:   0          SH:  0    Dex: 11    Spells: 2/3 levels left

rFire  . . .     SeeInvis .     (no weapon)
rCold  . . .     Gourm    .     a - +0 robe
rNeg   . . .     Faith    .     (no shield)
rPois  .         Spirit   .     (no helmet)
rElec  .         Reflect  .     (no cloak)
rCorr  .         Harm     .     (no gloves)
MR     .....                    (no boots)
Stlth  ++........               (no amulet)
                                (no ring)
                                (no ring)

@: no status effects
A: no striking features
a: no special abilities

Inventory:

Armour
 a - a +0 robe (worn)
Books
 b - a book of Necromancy

   Spells                             Type                      Level
   a - Pain                           Necromancy                   1
   b - Animate Skeleton               Necromancy                   1
   c - Vampiric Draining              Necromancy                   3
   d - Regeneration                   Charms/Necromancy            3
   e - Animate Dead                   Necromancy                   4
   f - Control Undead                 Necromancy                   4
Comestibles
 c - a bread ration


   Skills:
 * Level 0.7 Armour
 - Level 1.5 Dodging
 - Level 1.5 Stealth
 + Level 1.6 Spellcasting
 * Level 4.0 Necromancy


You had 2 spell levels left.
You knew the following spells:

 Your Spells              Type           Power        Failure   Level  Hunger
a - Pain                  Necr           ##..         4%          1    ##.....


You were on level 1 of the Dungeon.
You were not hungry.

You visited 1 branch of the dungeon, and saw 1 of its levels.

###############
#......#......#
#####......#......#
.........†......>.#
##.#########....@(#
#.# #.........s.##
#K# #.#######....#
#.# #.##)## #g#
#.#...# #.# #.'.<.#
.s# ###...# ...
##+##

Notes
Turn   | Place    | Note
-------+----------+-------------------------------------------
     0 | D:1      | ololoev the Hill Orc Necromancer began the quest for the Orb.
     0 | D:1      | Reached XP level 1. HP: 14/14 MP: 3/3
   110 | D:1      | Slain by a giant cockroach

Dungeon Overview and Level Annotations

Branches:
Dungeon (1/15)

Altars:


Message History

Aiming: Pain
Press: ? - help, Shift-Dir - straight line, f - goblin
Aim: a goblin, wielding a club (chance to defeat MR: 83%)
The goblin writhes in agony!
As you open the door, it creaks loudly! The giant cockroach bites you.
The giant cockroach completely misses you.
There is an open door here.
The giant cockroach bites you.
There is an open door here.
The giant cockroach bites you but does no damage.
There is an open door here.
Casting: Pain
Confirm with . or Enter, or press ? or * to list all spells.
Aiming: Pain
Press: ? - help, Shift-Dir - straight line, f/p - goblin
Aim: a goblin, wielding a club (moderately wounded, chance to defeat MR: 83%)
The giant cockroach barely resists.
The giant cockroach bites you.
The giant cockroach bites you but does no damage.
There is an open door here.
The giant cockroach barely misses you.
There is an open door here.
The giant cockroach waves its antennae.
The giant cockroach bites you.
You hit the goblin.
The goblin is heavily wounded.
The goblin hits you but does no damage. The giant cockroach barely misses you.
Casting: Pain
Confirm with . or Enter, or press ? or * to list all spells.
Aiming: Pain
Press: ? - help, Shift-Dir - straight line, f/p - goblin
Aim: a goblin, wielding a club (heavily wounded, chance to defeat MR: 83%)
The goblin writhes in agony!
You kill the goblin!
The giant cockroach closely misses you. The giant cockroach closely misses you.
There is an open door here.
You see here a club.
The giant cockroach bites you but does no damage.
There is an open door here.
The giant cockroach waves its antennae.
The giant cockroach bites you but does no damage.
There is an open door here.
You see here a club.
There is an open door here.
Casting: Pain
Confirm with . or Enter, or press ? or * to list all spells.
Aiming: Pain
Press: ? - help, Shift-Dir - straight line, f - giant cockroach
Aim: a giant cockroach (clinging, chance to defeat MR: 83%)
The giant cockroach barely resists.
The giant cockroach misses you. The giant cockroach closely misses you.
There is an open door here.
You see here a club.
The giant cockroach closely misses you.
There is an open door here.
The giant cockroach barely misses you.
There is an open door here.
You see here a club.
There is an open door here.
Casting: Pain
Confirm with . or Enter, or press ? or * to list all spells.
Aiming: Pain
Press: ? - help, Shift-Dir - straight line, f/p - giant cockroach
Aim: a giant cockroach (clinging, chance to defeat MR: 83%)
The giant cockroach writhes in agony!
The giant cockroach barely misses you.
The giant cockroach bites you but does no damage.
There is an open door here.
You see here a club.
The giant cockroach barely misses you.
There is an open door here.
Casting: Pain
Confirm with . or Enter, or press ? or * to list all spells.
Aiming: Pain
Press: ? - help, Shift-Dir - straight line, f/p - giant cockroach
Aim: a giant cockroach (clinging, chance to defeat MR: 83%)
The giant cockroach barely resists.
The giant cockroach bites you but does no damage.
The giant cockroach bites you.
You die...

You could see a giant cockroach.

Vanquished Creatures
  2 goblins (D:1)
  A kobold (D:1)
  A bat (D:1)
4 creatures vanquished.

Action                   || total
-------------------------++-------
Melee: Unarmed           ||     1
 Cast: Pain              ||    11
Armor: Robe              ||     6
Dodge: Dodged            ||    11

Vault maps used:
D:1:      dpeg_arrival_tiny_g
